 Dungeon Crawl Stone Soup version 0.26-a0-651-gb41185065b (webtiles) character file.

Game seed: 4759624356481084273

22021 Flugslaktarn the Cleaver (level 12, -2/118 HPs)
             Began as a Deep Dwarf Fighter on Oct 11, 2020.
             Was an Elder of Makhleb.
             Killed from afar by a deep elf mage (18 damage)
             ... with a bolt of magma
             ... on level 13 of the Dungeon.
             The game lasted 00:06:36 (7595 turns).

Flugslaktarn the Cleaver (Deep Dwarf Fighter)       Turns: 7595, Time: 00:06:37

Health: -2/118     AC: 26    Str: 22    XL:     12   Next: 59%
Magic:  4/4        EV:  8    Int: 12    God:    Makhleb [****..]
Gold:   272        SH: 10    Dex: 13    Spells: 11/11 levels left

rFire    . . .     SeeInvis +   f - +1 broad axe
rCold    . . .     Faith    .   c - +0 kite shield
rNeg     . . .     Spirit   .   s - +0 plate armour
rPois    .         Reflect  .   p - +2 helmet {Int+3}
rElec    +         Harm     .   d - +0 cloak
rCorr    .         Rampage  .   k - +1 pair of gloves
MR       +....                  o - +2 pair of boots
Stlth    ..........             (no amulet)
HPRegen  0.00/turn              j - ring "Ixamige" {Wiz rElec}
MPRegen  0.09/turn              i - ring of see invisible

@: non-regenerating
A: damage resistance, heal wounds, slimy green scales 1, clumsy 1, sense
surroundings 2, wild magic 1, no regeneration
a: Heal Wounds, Minor Destruction, Lesser Servant of Makhleb, Major Destruction,
Renounce Religion


You were on level 13 of the Dungeon.
You worshipped Makhleb.
Makhleb was greatly pleased with you.
You visited 2 branches of the dungeon, and saw 14 of its levels.
You also visited: Sewer.

You collected 722 gold pieces.
You spent 450 gold pieces at shops.

Inventory:

Hand Weapons
 f - a +1 broad axe (weapon)
   (You bought it in a shop on level 10 of the Dungeon)
Armour
 c - a +0 kite shield (worn)
 d - a +0 cloak (worn)
   (You found it on level 7 of the Dungeon)
 k - a +1 pair of gloves (worn)
   (You found it on level 4 of the Dungeon)
 o - a +2 pair of boots (worn)
   (You found it on level 4 of the Dungeon)
 p - a +2 helmet of intelligence (worn)
   (You bought it in a shop on level 11 of the Dungeon)
 s - a +0 plate armour (worn)
   (You found it on level 6 of the Dungeon)
Jewellery
 i - a ring of see invisible (right hand)
   (You found it on level 11 of the Dungeon)
 j - the ring "Ixamige" (left hand) {Wiz rElec}
   (You found it on level 10 of the Dungeon)

   [ring of wizardry]

   It improves your spell success rate.
   It insulates you from electricity.
Scrolls
 e - a scroll of amnesia
 l - 2 scrolls of magic mapping
 n - a scroll of fear
 r - 9 scrolls of identify
 t - 10 scrolls of teleportation
 x - 3 scrolls of remove curse
Potions
 a - a potion of lignification
 b - a potion of mutation
 g - a potion of flight
 h - a potion of haste


   Skills:
 * Level 10.7 Fighting
 * Level 12.3 Axes
 + Level 9.4 Armour
 - Level 7.8 Dodging
 + Level 4.9 Shields
 + Level 10.3 Invocations
   Level 4.3 Evocations


You had 11 spell levels left.
You didn't know any spells.
Your spell library was empty.

Dungeon Overview and Level Annotations

Branches:
Dungeon (13/15)            Temple (1/1) D:4            Lair (0/6) D:8
    Orc (0/2) D:12          Sewer (visited)
 Vaults: D:13-14

Altars:
Ashenzari
Cheibriados
Dithmenos
Elyvilon
Fedhas
Gozag
Makhleb
Nemelex Xobeh
Okawaru
Qazlal
Sif Muna
Trog
Uskayaw
Vehumet
Wu Jian
Xom
Yredelemnul
Zin
The Shining One

Shops:
D:10 (   D:11 [

Portals:
Trove: D:10 (give +8 demon trident)

Annotations:
D:6 1 runed translucent door, donkeybrains's ghost, novice MiBe
D:9 exclusion: ice statue
D:10 exclusion: 2 oklob plants


Innate Abilities, Weirdness & Mutations

You are resistant to damage.
You can heal yourself by infusing magical energy.
You passively map the area around you.
You do not regenerate.
You are partially covered in slimy green scales. (AC +2)
You are clumsy. (Dex -2)
Your spells are a little harder to cast, but a little more powerful.


Message History

You are too injured to fight recklessly!
You are too injured to fight recklessly!
You are too injured to fight recklessly!
You are too injured to fight recklessly!
You closely miss the deep elf mage.
You hit the earth elemental but do no damage.
The deep elf mage casts a spell at you. The stone arrow misses you.
You slice the deep elf mage!!
The deep elf mage is heavily wounded.
You slash the earth elemental!
The deep elf mage mumbles some strange words.
The earth elemental hits you!!
* * * LOW HITPOINT WARNING * * *
You closely miss the deep elf mage.
The deep elf mage is heavily wounded.
You hit the earth elemental but do no damage.
The deep elf mage points at you and mumbles some strange words.
The bolt of magma hits you!!
You die...

#.........# ,
#.........# # * *
#.........#####.#
*, ,
####............#
, ,
#............. ,
,, #.............
,, #....#'####.#
** #....#....# *,
#....#@E..# ,
#....#.e.$# *
##...#....#,*
#...#E...# * ,
#...#....#, * ,
#...####.# , ,
#....,,*##,,*
#.... , ,, ,,


You could see 2 earth elementals and a deep elf mage.

Vanquished Creatures
  Gastronok (D:9)
  Erolcha (D:11)
  A vault guard (D:10)
  Harold (D:7)
  Erica (D:10)
  A centaur warrior (D:13)
  Nergalle (D:11)
  An unseen horror (D:12)
  4 skeletal warriors (D:13)
  2 deep elf magi
  An ugly thing (D:11)
  A cyclops (D:13)
  Maurice (D:8)
  Maggie (D:7)
  2 gargoyles (D:11)
  An efreet (D:13)
  2 trolls
  A hornet (D:9)
  3 hippogriffs
  A shadow (D:12)
  A spriggan (D:10)
  A wyvern (D:10)
  8 yaks
  A wraith (D:10)
  A naga (shapeshifter) (D:13)
  A water moccasin (D:9)
  A sky beast (D:9)
  3 orc warriors
  An ice beast (D:8)
  An eye of draining (D:13)
  A phantom (D:8)
  3 wolves
  4 centaurs
  6 ogres
  2 crocodiles
  6 bullfrogs
  A water moccasin zombie (D:8)
  A wyvern skeleton (D:9)
  16 killer bees
  4 scorpions
  An electric eel (D:8)
  15 wights
  2 howler monkeys (D:7)
  4 bullfrog zombies
  7 hounds
  4 centaur skeletons
  4 orc priests
  5 orc wizards
  A bullfrog skeleton (D:7)
  6 worker ants
  2 iguanas (D:6)
  A hound zombie (D:5)
  3 adders
  3 white imps
  2 ufetubi (D:7)
  An adder zombie (D:8)
  2 worms (D:5)
  3 dart slugs
  5 leopard geckos
  15 orcs
  11 bats
  2 giant cockroaches
  2 goblins (D:1)
  A hobgoblin (D:3)
  4 jackals
  3 quokkas
  A frilled lizard (D:5)
  A jackal zombie (D:7)
  5 kobolds
207 creatures vanquished.

Vanquished Creatures (collateral kills)
  Snorg (D:11)
  A skeletal warrior (D:13)
  2 ugly things (D:12)
  2 trolls (D:12)
  A hornet (D:10)
  A hippogriff (D:11)
  A crocodile (D:12)
  A big kobold (D:13)
  An orc wizard (D:10)
11 creatures vanquished.

Vanquished Creatures (others)
  A wight (D:13)
  An orc (D:8)
2 creatures vanquished.

Grand Total: 220 creatures vanquished

Notes
Turn   | Place    | Note
-------+----------+-------------------------------------------
     0 | D:1      | Flugslaktarn the Deep Dwarf Fighter began the quest for the
                  | Orb.
     0 | D:1      | Reached XP level 1. HP: 20/20 MP: 1/1
    92 | D:2      | Reached XP level 2. HP: 24/27 MP: 2/2
   242 | D:4      | Found a staircase to the Ecumenical Temple.
   280 | Temple   | Entered the Ecumenical Temple
   460 | Temple   | Became a worshipper of Makhleb the Destroyer
   629 | D:4      | Reached skill level 3 in Axes
   629 | D:4      | Reached skill level 1 in Invocations
   629 | D:4      | Reached XP level 3. HP: 20/34 MP: 3/3
   765 | D:4      | Found a basalt altar of Yredelemnul.
   860 | D:4      | Found a stormy altar of Qazlal.
   860 | D:4      | Found a shadowy altar of Dithmenos.
  1015 | D:5      | Entered Level 5 of the Dungeon
  1025 | D:5      | Reached skill level 1 in Dodging
  1025 | D:5      | Reached XP level 4. HP: 42/42 MP: 3/5
  1056 | D:5      | Found an iron altar of Okawaru.
  1105 | D:5      | Reached XP level 5. HP: 44/49 MP: 6/6
  1334 | D:5      | Found an ornate altar of the Wu Jian Council.
  1382 | D:5      | Found a glowing drain.
  1409 | Sewer    | Entered a sewer
  1469 | Sewer    | Noticed a crocodile
  1481 | Sewer    | Killed a crocodile
  1481 | Sewer    | Reached skill level 4 in Axes
  1481 | Sewer    | Reached XP level 6. HP: 35/57 MP: 6/6
  1940 | D:6      | Reached * piety under Makhleb
  2101 | D:6      | Found a runed translucent door.
  2102 | D:6      | Noticed donkeybrains's ghost (novice MiBe)
  2209 | D:6      | Reached XP level 7. HP: 33/66 MP: 6/6
  2215 | D:6      | Reached skill level 5 in Axes
  2295 | D:6      | Found a broken altar of Ashenzari.
  2421 | D:6      | Noticed a deep elf mage
  2433 | D:6      | Killed a deep elf mage
  2433 | D:6      | Reached skill level 5 in Fighting
  2433 | D:6      | Reached skill level 6 in Axes
  2433 | D:6      | Reached skill level 5 in Armour
  2433 | D:6      | Reached XP level 8. HP: 72/75 MP: 5/7
  2550 | D:7      | Reached skill level 5 in Invocations
  2562 | D:7      | Noticed Maggie
  2593 | D:7      | Noticed Harold
  2610 | D:7      | Killed Harold
  2610 | D:7      | Reached skill level 7 in Axes
  2610 | D:7      | Gained mutation: You passively map the area around you.
                  | [Deep Dwarf growth]
  2610 | D:7      | Reached XP level 9. HP: 37/85 MP: 4/6
  2631 | D:7      | Reached ** piety under Makhleb
  2639 | D:7      | Killed Maggie
  2639 | D:7      | Reached skill level 8 in Axes
  2639 | D:7      | Reached skill level 5 in Dodging
  3038 | D:8      | Noticed a troll
  3070 | D:7      | Killed a troll
  3127 | D:8      | Noticed Maurice
  3148 | D:8      | Reached XP level 10. HP: 72/94 MP: 6/6
  3235 | D:8      | Found a staircase to the Lair.
  3431 | D:8      | Reached *** piety under Makhleb
  3557 | D:8      | Killed Maurice
  3557 | D:8      | Reached skill level 9 in Axes
  3583 | D:8      | Found a snail-covered altar of Cheibriados.
  3875 | D:9      | Gained mutation: You are clumsy. (Dex -2) [potion of
                  | mutation]
  3875 | D:9      | Gained mutation: You are partially covered in slimy green
                  | scales. (AC +2) [potion of mutation]
  3875 | D:9      | Gained mutation: Your spells are a little harder to cast,
                  | but a little more powerful. [potion of mutation]
  3875 | D:9      | Paralysed by a hornet for 2 turns
  3884 | D:9      | Reached skill level 1 in Evocations
  3956 | D:9      | Noticed Gastronok
  3984 | D:9      | Killed Gastronok
  4010 | D:9      | Noticed an ice statue
  4016 | D:9      | Reached skill level 10 in Axes
  4368 | D:10     | Entered Level 10 of the Dungeon
  4403 | D:10     | Got a coiled granite ring
  4415 | D:10     | Paralysed by a hornet for 2 turns
  4430 | D:10     | Reached XP level 11. HP: 72/104 MP: 4/4
  4507 | D:10     | Identified the ring "Ixamige" {Wiz rElec} (You found it on
                  | level 10 of the Dungeon)
  4546 | D:10     | Found Qoympes's Weapon Shoppe.
  4553 | D:10     | Bought a +0 broad axe for 60 gold pieces
  4591 | D:10     | Found a blossoming altar of Fedhas.
  4594 | D:10     | Noticed an oklob plant
  4594 | D:10     | Noticed an oklob plant
  4860 | D:10     | Noticed a vault guard
  4885 | D:10     | Killed a vault guard
  4889 | D:10     | Found a portal to a secret trove of treasure.
  4974 | D:10     | Reached **** piety under Makhleb
  5021 | D:10     | Noticed Erica
  5057 | D:10     | Killed Erica
  5420 | D:11     | Noticed Snorg
  5421 | D:11     | Noticed Nergalle
  5447 | D:11     | Killed Snorg
  5449 | D:11     | Killed Nergalle
  5692 | D:11     | Reached skill level 11 in Axes
  5888 | D:11     | Noticed Erolcha
  5899 | D:11     | Killed Erolcha
  5915 | D:11     | Found Heojuhin's Antique Armour Shoppe.
  5934 | D:11     | Bought a glimmering chain mail for 218 gold pieces
  5944 | D:11     | Identified the cursed +1 chain mail "Poahaam" {Regen+
                  | Str+2} (You bought it in a shop on level 11 of the Dungeon)
  5959 | D:11     | Bought a runed helmet for 172 gold pieces
  6113 | D:11     | Noticed a green ugly thing
  6127 | D:11     | Killed a green ugly thing
  6582 | D:12     | Noticed an unseen horror
  6609 | D:12     | Killed an unseen horror
  6609 | D:12     | Reached skill level 10 in Fighting
  6609 | D:12     | Reached XP level 12. HP: 113/116 MP: 4/4
  6639 | D:12     | Found a staircase to the Orcish Mines.
  7124 | D:13     | Noticed a centaur warrior
  7139 | D:13     | Killed a centaur warrior
  7389 | D:13     | Reached skill level 10 in Invocations
  7407 | D:13     | Found a glowing silver altar of Zin.
  7429 | D:13     | Reached skill level 12 in Axes
  7595 | D:13     | Killed from afar by a deep elf mage

Illustrated notes

Levels and vault maps discovered:
D:1:      minmay_arrival_four_circles, layout_rooms, minmay_misc_feat_encased,
          serial_bayou_ford_a, kennysheep_nondescript, chequers_big_river,
          minmay_statues_item, minmay_misc_feat_room
D:2:      layout_loops_ring, lemuel_crystal_altar, lemuel_crystal_altar,
          chequers_ecumenical_altar_island, minmay_octomino_e4,
          uniq_crazy_yiuf_cottage
D:3:      layout_basic, marbit_many_paths
D:4:      cheibrodos_quashed, layout_basic, gammafunk_temple_overflow_wave,
          yredelemnul_altar_generic, minmay_temple_entry_mini_moons,
          serial_curves, eino_curves_01, eino_curves_02
D:5:      layout_basic, kennysheep_mini_moat, lemuel_crystal_altar,
          cheibrodos_sewer_entry_bend
D:6:      layout_basic, lemuel_doored_altar, hellmonk_ghost_happy_afterlife,
          guppyfry_early_elven_hall
D:7:      layout_cave_pools, kennysheep_generic_room_9, uniq_harold, uniq_maggie
D:8:      layout_rooms, kennysheep_mini, erik_lair_island, roderic_batcave,
          uniq_maurice
D:9:      layout_roguey [special_room_bee], minivault_16, uniq_gastronok
D:10:     layout_rooms, serial_shops, shop, serial_co_window_serial,
          co_window_paths_a, co_window_corner_a, co_window_paths_b,
          co_window_of_opportunity_a, co_window_corner_a, co_window_paths_c,
          co_window_broadway_a, co_window_broadway_b, co_window_broadway_a,
          co_window_paths_c, co_window_cross_4, glass_columns_a,
          glass_columns_a, glass_columns_a, enter_trove_5,
          hangedman_tree_tricks, the_bakery, uniq_erica
D:11:     layout_layer_cave, serial_shops, shop, uniq_snorg, uniq_erolcha,
          uniq_nergalle
D:12:     layout_cave_pools, orc_0_dummy, nicolae_sextant
D:13:     layout_irregular_city, basic_altar
Temple:   minmay_temple_bridge_abc

Skill      XL: |  1  2  3  4  5  6  7  8  9 10 11 12 |
---------------+-------------------------------------+-----
Fighting       | 3 4 5 6 7 8 10 | 10.7
Axes           | 3 4 6 7 8 10 11 12 | 12.3
Invocations    | 1 2 3 4 5 6 8 9 10 | 10.3
Dodging        | 1 2 3 4 5 6 7 |  7.8
Armour         | 4 5 6 7 8 9 |  9.4
Evocations     | 3 4 |  4.3
Shields        | 4 |  4.9

Action                   |  1- 3 |  4- 6 |  7- 9 | 10-12 || total
-------------------------+-------+-------+-------+-------++-------
Melee: War axe           |    51 |    98 |   186 |   377 ||   712
       Broad axe         |       |       |       |   418 ||   418
Invok: Lesser Servant of |       |       |       |     8 ||     8
 Abil: Heal Wounds       |     2 |     4 |    17 |    20 ||    43
Evoke: Wand              |       |       |       |     6 ||     6
  Use: Potion            |       |       |     5 |     4 ||     9
       Scroll            |       |       |       |    17 ||    17
 Stab: Invisible         |       |       |     3 |       ||     3
       Distracted        |       |       |       |     3 ||     3
Armor: Scale mail        |    39 |    37 |    15 |       ||    91
       Plate armour      |       |       |   209 |   607 ||   816
Dodge: Dodged            |    21 |    32 |   120 |   253 ||   426
Block: Kite shield       |    23 |    42 |   182 |   430 ||   677

Table legend: (Time is in decaauts)
 A = Elapsed time spent in this place.
 B = Non-inter-level travel time spent in this place.
 C = Inter-level travel time spent in this place.
 D = Time resting spent in this place.
 E = Time spent auto-exploring this place.
 F = Levels seen in this place.
 G = Mean time per level.
                   A        B        C        D        E       F      G
               +--------+--------+--------+--------+--------+-----+--------+
         Total |   7836 |   7477 |    359 |      0 |   5242 |  15 |  522.4 |
       Dungeon |   7503 |   7172 |    331 |      0 |   4993 |  13 |  577.2 |
        Temple |    201 |    173 |     28 |      0 |    171 |   1 |  201.0 |
         Sewer |    130 |    130 |      0 |      0 |     77 |   1 |  130.0 |
               +--------+--------+--------+--------+--------+-----+--------+

Top non-repeatable levels by time:
    D:11: 1216 daAuts
    D:10: 992 daAuts
     D:8: 815 daAuts
     D:6: 760 daAuts
     D:5: 711 daAuts
     D:4: 634 daAuts
    D:12: 576 daAuts
     D:9: 559 daAuts
     D:7: 520 daAuts
    D:13: 517 daAuts
  Temple: 201 daAuts
   Sewer: 130 daAuts
     D:1: 87 daAuts
     D:2: 82 daAuts
     D:3: 28 daAuts
